 Dungeon Crawl Stone Soup version 0.19.4-9-g45fd643 (webtiles) character file.

2513 oplop the Frost Mage (level 9, -4/55 HPs)
             Began as an Octopode Ice Elementalist on Feb 21, 2017.
             Was a Priest of Cheibriados.
             Slain by a wight
             ... wielding a cursed +0 great sword
              (8 damage)
             ... on level 7 of the Dungeon.
             The game lasted 00:27:48 (9805 turns).

oplop the Frost Mage (Octopode Ice Elementalist)    Turns: 9805, Time: 00:27:49

Health: -4/55      AC:  3    Str: 14    XL:     9   Next: 53%
Magic:  3/16       EV: 13    Int: 28    God:    Cheibriados [***...]
Gold:   245        SH:  0    Dex: 19    Spells: 6 memorised, 1 level left

rFire  . . .     SeeInvis .     f - +2 dagger (freeze)
rCold  + . .     Gourm    .     (no shield)
rNeg   . . .     Faith    .     q - +2 hat
rPois  .         Spirit   .     (no amulet)
rElec  .         Reflect  .     i - ring of protection from cold
rCorr  .         Harm     .     (no ring)
MR     .....                    (no ring)
Stlth  +++.......               (no ring)
                                (no ring)
                                (no ring)
                                (no ring)
                                (no ring)

@: drained, very slow
A: almost no armour, stealthy swim, amphibious, 8 rings, constrict 8, camouflage
1, gelatinous body 1
a: Bend Time, Temporal Distortion, Renounce Religion


You were on level 7 of the Dungeon.
You worshipped Cheibriados.
Cheibriados was most pleased with you.
You were hungry.

You visited 2 branches of the dungeon, and saw 9 of its levels.

You collected 295 gold pieces.
You spent 50 gold pieces at shops.

Inventory:

Hand Weapons
 f - a +2 dagger of freezing (weapon)
Armour
 q - a +2 hat (worn)
Jewellery
 i - a ring of protection from cold (left tentacle)
 t - a cursed ring of teleportation {unknown}
Wands
 y - a wand of disintegration (7/24)
Scrolls
 d - a scroll of random uselessness
 g - a scroll of immolation
 k - 2 scrolls of remove curse
 n - 5 scrolls of identify
 p - 3 scrolls of teleportation
 r - 3 scrolls of magic mapping
 x - 2 scrolls of enchant armour {unknown}
Potions
 e - a potion of curing
 j - 5 potions of agility
 l - a potion of might
 o - 2 potions of flight
Books
 a - a book of Frost

   Spells                             Type                      Level
   a - Freeze                         Ice                          1
   b - Throw Frost                    Conjuration/Ice              2
   c - Ozocubu's Armour               Charms/Ice                   3
   d - Throw Icicle                   Conjuration/Ice              4
   e - Summon Ice Beast               Ice/Summoning                4
 s - a Young Poisoner's Handbook

   Spells                             Type                      Level
   a - Sting                          Conjuration/Poison           1
   b - Mephitic Cloud                 Conjuration/Poison/Air       3
   c - Olgreb's Toxic Radiance        Poison                       4
   d - Alistair's Intoxication        Transmutation/Poison         5
   e - Venom Bolt                     Conjuration/Poison           5
 w - a book of Necromancy

   Spells                             Type                      Level
   a - Pain                           Necromancy                   1
   b - Animate Skeleton               Necromancy                   1
   c - Vampiric Draining              Necromancy                   3
   d - Regeneration                   Charms/Necromancy            3
   e - Animate Dead                   Necromancy                   4
   f - Control Undead                 Necromancy                   4
Comestibles
 b - 5 bread rations
 h - 2 beef jerkies
 z - 5 slices of pizza


   Skills:
 * Level 2.6(1.7) Fighting
 * Level 2.0(1.2) Dodging
 - Level 2.6(1.8) Stealth
 + Level 5.2(4.2) Spellcasting
 - Level 1.0(0.1) Conjurations
 - Level 5.4(4.4) Charms
 - Level 8.0(7.0) Ice Magic
 * Level 6.2(5.3) Invocations


You had one spell level left.
You knew the following spells:

 Your Spells              Type           Power        Failure   Level  Hunger
a - Freeze                Ice            ####         1%          1    None
b - Ozocubu's Armour      Chrm/Ice       #####...     1%          3    ##.....
c - Summon Ice Beast      Ice/Summ       ####....     17%         4    ####...
d - Throw Frost           Conj/Ice       ####..       2%          2    None
e - Throw Icicle          Conj/Ice       ####....     17%         4    ####...
f - Regeneration          Chrm/Necr      ###.......   12%         3    ##.....


Dungeon Overview and Level Annotations

Branches:
Dungeon (8/15)             Temple (1/1) D:4
   Lair: D:8-11

Altars:
Ashenzari
Cheibriados
Dithmenos
Fedhas
Gozag
Hepliaklqana
Makhleb
Nemelex Xobeh
Okawaru
Qazlal
Ru
Sif Muna
Trog
Uskayaw
Vehumet
Xom
Yredelemnul
Zin
The Shining One

Shops:
D:4 *

Annotations:
D:3 exclusion: orc priest
D:5 exclusions: centaur and ogre


Innate Abilities, Weirdness & Mutations

You cannot wear most types of armour.
You are very stealthy in the water. (Stealth+)
You are amphibious.
You can wear up to eight rings at the same time.
You can use your tentacles to constrict eight enemies at once.
Your skin changes colour to match your surroundings (Stealth+).
Your rubbery body absorbs attacks. (AC +1, EV +1)


Message History

The wight hits your ice beast with a great sword!
Your ice beast dies!
You climb downwards. 5 slime creatures and a worker ant come into view.
There is a stone staircase leading up here.
You climb upwards.
The wight hits you with a great sword.
You feel drained.
There is a stone staircase leading down here.
The flow of time bends around you.
Cheibriados rebukes the iguana.
The iguana seems to slow down.
Cheibriados rebukes the wight.
The wight seems to slow down.
You feel slightly more hungry. The iguana bites you.
The wight hits you with a great sword!
You feel drained.
As you read the scroll labeled XUM XIDGHYHUIM, it crumbles to dust.
The scroll dissolves into smoke.
It was a scroll of fog.
The iguana bites you!
* * * LOW HITPOINT WARNING * * *
As you read the scroll labeled DYLUSE ENODO, it crumbles to dust.
You experience a momentary feeling of inescapable doom!
It was a scroll of random uselessness.
The wight hits you with a great sword!
You die...

)..# # #.## # ...##
########### # #.#.##
#.........# ###########
# .###.###.#######.#
#.....Yzz.# # ##
##........###.#
#.#######.### .#
##........##§# #.# #.zz.
## ##Y##.###..##z# ##.#
###.. .###..##......zl@#
#..##### ##.
#.#.#<###.....####
#......# ## ##.##.#
#.###.# #.####.# #
#####.###.###.## #.# #.#
# ## #.....l..l.# ##.##
#.# ## .##
#####.####.####z..###.##
##. ..## #.#
#.z..zY_......# ##..
...## ##.##
##.###...####.###...
....####...####.# ##.##
#.##....


You could see an iguana and 2 wights.

Vanquished Creatures
  3 hogs (D:7)
  A sky beast (D:6)
  A big kobold (D:7)
  A bullfrog (D:7)
  A scorpion (D:6)
  4 killer bees (D:7)
  A howler monkey (D:5)
  3 wights
  5 crimson imps
  2 bullfrog zombies
  3 hounds
  2 jellies
  3 bullfrog skeletons
  Jessica (D:2)
  2 orc wizards (D:6)
  3 worker ants
  2 hound skeletons
  3 gnolls (D:7)
  14 adders
  A shadow imp (D:5)
  3 adder skeletons
  3 worms
  A dart slug (D:1)
  4 leopard geckos
  10 orcs
  3 giant cockroaches
  5 goblins
  9 hobgoblins
  4 jackals
  2 quokkas
  4 ball pythons (D:3)
  11 bats
  5 frilled lizards
  A jackal zombie (D:7)
  8 kobolds
  2 leopard gecko skeletons
  A leopard gecko zombie (D:6)
  A quokka skeleton (D:5)
  12 rats
145 creatures vanquished.

Vanquished Creatures (collateral kills)
  Pikel (D:6)
  A human (D:7)
  A hog (D:7)
  A hungry ghost (D:7)
  An orc warrior (D:6)
  A black bear (D:7)
  A centaur (D:6)
  2 killer bees (D:7)
  A crimson imp (D:7)
  An orc priest (D:6)
  5 gnolls (D:7)
  A leopard gecko (D:7)
  An orc (D:6)
  2 kobolds (D:7)
20 creatures vanquished.

Vanquished Creatures (others)
  A leopard gecko skeleton (D:6)
1 creature vanquished.

Grand Total: 166 creatures vanquished

Notes
Turn   | Place    | Note
-------+----------+-------------------------------------------
     0 | D:1      | oplop the Octopode Ice Elementalist began the quest for the Orb.
     0 | D:1      | Reached XP level 1. HP: 11/11 MP: 3/3
   169 | D:1      | Reached XP level 2. HP: 18/18 MP: 5/5
   581 | D:1      | Reached XP level 3. HP: 12/22 MP: 6/6
  1070 | D:1      | Reached skill level 1 in Fighting
  1187 | D:2      | Reached skill level 4 in Ice Magic
  1734 | D:2      | Noticed Jessica
  1739 | D:2      | Reached XP level 4. HP: 16/28 MP: 4/7
  1743 | D:2      | Killed Jessica
  2378 | D:2      | Reached XP level 5. HP: 28/34 MP: 9/9
  2523 | D:3      | Learned a level 3 spell: Ozocubu's Armour
  2930 | D:3      | Reached skill level 5 in Ice Magic
  3015 | D:3      | Found a bloodstained altar of Trog.
  3433 | D:4      | Found a hazy altar of Hepliaklqana.
  3461 | D:4      | Reached XP level 6. HP: 24/41 MP: 5/10
  3546 | D:4      | Found a staircase to the Ecumenical Temple.
  3682 | D:4      | Found Bewk's General Store.
  3685 | D:4      | Bought a scroll of identify for 20 gold pieces
  3685 | D:4      | Bought a scroll of teleportation for 30 gold pieces
  3946 | Temple   | Entered the Ecumenical Temple
  4161 | Temple   | Became a worshipper of Cheibriados the Contemplative
  4168 | Temple   | Learned a level 4 spell: Summon Ice Beast
  4264 | D:5      | Entered Level 5 of the Dungeon
  4363 | D:5      | Found a shadowy altar of Dithmenos.
  4579 | D:5      | Reached skill level 1 in Invocations
  4827 | D:5      | Reached XP level 7. HP: 45/45 MP: 8/12
  4943 | D:5      | Reached skill level 1 in Charms
  5079 | D:5      | Found a shattered altar of Ashenzari.
  5348 | D:5      | Reached * piety under Cheibriados
  5348 | D:5      | Reached skill level 6 in Ice Magic
  5966 | D:5      | Noticed a spatial vortex
  6172 | D:6      | Learned a level 2 spell: Throw Frost
  6461 | D:6      | vatarom: heelo i am from india what is game this???
  6464 | D:6      | Noticed Pikel
  6684 | D:6      | vatarom: не узнал шоль?
  6700 | D:6      | oplop: а, че, где
  6700 | D:6      | oplop: меня тут вилкой тыкают, а ты тралишь
  6700 | D:6      | vatarom: зато чисты будешь
  6703 | D:6      | oplop: о да
  6703 | D:6      | oplop: че, как дела?
  6849 | D:6      | vatarom: норм
  6869 | D:6      | vatarom: чет недавно снова начал в кравлец поигрывать
  6870 | D:6      | oplop: да я вот тоже вчера
  6872 | D:6      | Reached XP level 8. HP: 44/51 MP: 4/14
  6905 | D:6      | Killed Pikel
  6911 | D:6      | oplop: я сегодня так сгорел знатно
  6911 | D:6      | oplop: http://crawl.xtahua.com/crawl/morgue/oplop/morgue-oplop-20170221-100422.txt
  6911 | D:6      | oplop: вот
  6911 | D:6      | oplop: это пиздец
  7013 | D:6      | Learned a level 4 spell: Throw Icicle
  7029 | D:6      | vatarom: о да
  7070 | D:6      | vatarom: ансин хорроры знатно жопу подпекают
  7076 | D:6      | oplop: ты посмотри на ювелирку
  7196 | D:7      | Reached ** piety under Cheibriados
  7319 | D:7      | Found a shattered altar of Ashenzari.
  7381 | D:7      | vatarom: ох
  7385 | D:7      | Reached skill level 7 in Ice Magic
  7549 | D:7      | vatarom: ещё и трува, которая руну требует показать
  7554 | D:7      | oplop: ну трова неоче
  7554 | D:7      | oplop: со своей слайм руной
  7755 | D:7      | vatarom: а по моему халява
  7755 | D:7      | oplop: я слаймпитсы неособо люблю
  7763 | D:7      | vatarom: а придётся
  7773 | D:7      | Reached skill level 5 in Invocations
  7775 | D:7      | Reached XP level 9. HP: 15/55 MP: 1/16
  7811 | D:7      | oplop: сраные свинки
  7811 | D:7      | vatarom: я вчера так за формицида проиграл
  7811 | D:7      | oplop: чет у меня кравло повисло
  7811 | D:7      | oplop: ща
  7882 | D:7      | vatarom: в лейре встретил бабу, которая в свиней превращает
  8003 | D:7      | oplop: а
  8003 | D:7      | vatarom: а перед этим в стену закопался
  8003 | D:7      | oplop: церцея
  8003 | D:7      | vatarom: и чет не подумал, что меня освинить могут
  8031 | D:7      | vatarom: в результате меня превратила она в свинью
  8114 | D:7      | vatarom: а я ни телепортироваться, ни убить её не могу
  8129 | D:6      | vatarom: так и стоял
  8134 | D:6      | vatarom: пока не помер
  8189 | D:6      | oplop: хрюкал
  8200 | D:6      | oplop: ой-вэй
  8210 | D:6      | oplop: чет тупак
  8212 | D:6      | vatarom: prepare to get fucked
  8889 | D:7      | Learned a level 3 spell: Regeneration
  9123 | D:7      | Reached skill level 5 in Charms
  9196 | D:7      | Reached skill level 8 in Ice Magic
  9203 | D:7      | Reached *** piety under Cheibriados
  9203 | D:7      | Reached skill level 5 in Spellcasting
  9805 | D:7      | Slain by a wight

Skill      XL: |  1  2  3  4  5  6  7  8  9 |
---------------+----------------------------+-----
Fighting       | 1 2 |  2.6
Ice Magic      | 4 5 6 7 8 |  8.0
Spellcasting   | 3 4 5 |  5.2
Invocations    | 1 3 5 6 |  6.2
Charms         | 2 4 5 |  5.4
Dodging        | |  2.0
Stealth        | |  2.6
Conjurations   | |  1.0

Action                   |  1- 3 |  4- 6 |  7- 9 || total
-------------------------+-------+-------+-------++-------
Melee: Unarmed           |    90 |   140 |    70 ||   300
       Constrict         |    29 |    39 |    44 ||   112
       Tentacles         |    16 |    25 |    38 ||    79
       Whip              |       |       |   135 ||   135
 Cast: Freeze            |    18 |    34 |    36 ||    88
       Ozocubu's Armour  |       |     3 |    19 ||    22
       Summon Ice Beast  |       |       |    36 ||    36
       Throw Frost       |       |       |     6 ||     6
       Throw Icicle      |       |       |     2 ||     2
Invok: Bend Time         |       |       |     2 ||     2
  Use: Scroll            |     1 |     6 |     9 ||    16
       Potion            |       |       |     9 ||     9
 Stab: Sleeping          |    10 |    18 |     1 ||    29
       Distracted        |       |       |     2 ||     2
       Invisible         |       |       |     1 ||     1
  Eat: Chunk             |     2 |     4 |     6 ||    12
       Royal jelly       |       |     1 |       ||     1
       Beef jerky        |       |     1 |       ||     1
       Fruit             |       |     1 |     7 ||     8
       Pizza             |       |     1 |     2 ||     3
       Meat ration       |       |       |     1 ||     1
Armor: Skin              |     9 |    19 |   209 ||   237
Dodge: Dodged            |    62 |   104 |   161 ||   327
